 Dungeon Crawl Stone Soup version 0.28.0-53-g5a82cb258f (webtiles) character file.

Game seed: 2017270869760200128

86 SanguineChosen the Chopper (level 4, 0/41 HPs)
             Began as a Minotaur Berserker on Aug 3, 2022.
             Was a Believer of Trog.
             Succumbed to an orc's poison
             ... on level 3 of the Dungeon.
             The game lasted 00:06:21 (1954 turns).

SanguineChosen the Chopper (Minotaur Berserker)     Turns: 1954, Time: 00:06:21

Health: 0/41       AC: 12    Str: 23    XL:     4   Next: 26%
Magic:  3/3        EV:  7    Int:  4    God:    Trog [**....]
Gold:   118        SH:  0    Dex: 10    Spells: 3/3 levels left

rFire   . . .      SeeInvis .   h - +1 executioner's axe (vorpal)
rCold   . . .      Faith    .   (shield currently unavailable)
rNeg    . . .      Spirit   .   l - +0 plate armour
rPois   .          Reflect  .   (helmet restricted)
rElec   .          Harm     .   (no cloak)
rCorr   .          Rampage  .   (no gloves)
Will    .....                   f - +0 pair of boots
Stlth   ..........              (no amulet)
HPRegen 0.13/turn               (no ring)
MPRegen 0.08/turn               (no ring)

@: lethally poisoned (0 -> -6)
A: horns 2, retaliatory headbutt
a: Renounce Religion, Berserk, Trog's Hand


You were on level 3 of the Dungeon.
You worshipped Trog.
Trog was pleased with you.
You visited 1 branch of the dungeon, and saw 3 of its levels.

You collected 118 gold pieces.

Inventory:

Hand Weapons
 a - a +0 hand axe
 g - a +1 vampiric hand axe
 h - a +1 vorpal executioner's axe (weapon)
Missiles
 j - 3 poisoned darts (quivered)
Armour
 f - a +0 pair of boots (worn)
 l - a +0 plate armour (worn)
Scrolls
 c - 2 scrolls of acquirement
 d - a scroll of identify {unknown}
 k - 2 scrolls of teleportation
Potions
 e - a potion of resistance {unknown}


   Skills:
 + Level 4.4 Fighting
 + Level 4.9 Axes
 + Level 2.9 Armour
 + Level 2.9 Dodging


You had 3 spell levels left.
You didn't know any spells.
Your spell library was empty.

Dungeon Overview and Level Annotations

Branches:
Dungeon (3/15)

Altars:
Yredelemnul


Innate Abilities, Weirdness & Mutations

You have a pair of horns on your head.
You reflexively headbutt those who attack you in melee.


Message History

The orc hits you with a +2 whip of venom.
You are more poisoned.
You hit the orc.
The orc is severely wounded.
You slash the adder!
You kill the adder!
Trog accepts your kill.
You closely miss the orc.
You feel extremely sick.
You are confused.
The orc barely misses you. x2
The orc hits you with a +2 whip of venom.
You barely miss the orc.
The orc is severely wounded.
You slash the orc!
You kill the orc!
Trog accepts your kill.
You feel very sick. The orc hits you but does no damage. x2
* * * LOW HITPOINT WARNING * * *
You feel very sick. Something hits you but does no damage.
The orc hits you but does no damage.
Things that are here:
a +2 whip of venom; a +0 leather armour; an orc corpse You closely miss the orc.
You hit the orc.
You kill the orc!
Trog accepts your kill.
You completely miss something.
* * * LOW HITPOINT WARNING * * *
You feel very sick. Something hits you but does no damage.
The orc hits you but does no damage.
You hear some strange, mumbled words.
A magic dart appears from out of thin air!
The magic dart hits you.
* * * LOW HITPOINT WARNING * * *
* * * LOW HITPOINT WARNING * * *
You feel sick.
You completely miss something. You closely miss the orc.
You feel less confused.
You die...

##.(...##
#.......#
#.......#
#..<....#
##..)..##
##......####
#....).....#
#...))..##..
#...@o..# #
#.......##
#......##
#.....##
#..?..#
#.....#
####... #..#


You could see an orc.

Vanquished Creatures
  3 adders
  A worm (D:2)
  3 orcs (D:3)
  5 bats
  4 endoplasms
  A giant cockroach (D:2)
  2 goblins (D:1)
  6 hobgoblins
  5 jackals
  7 kobolds
  A quokka (D:1)
  3 ball pythons (D:2)
  5 frilled lizards
  4 rats
50 creatures vanquished.

Notes
Turn   | Place    | Note
-------+----------+-------------------------------------------
     0 | D:1      | SanguineChosen the Minotaur Berserker began the quest for
                  | the Orb.
     0 | D:1      | Reached XP level 1. HP: 19/19 MP: 0/0
   465 | D:1      | Found a faded altar of an unknown god.
   473 | D:1      | Reached XP level 2. HP: 27/27 MP: 1/1
  1255 | D:2      | Found a basalt altar of Yredelemnul.
  1380 | D:2      | Reached XP level 3. HP: 33/33 MP: 2/2
  1419 | D:2      | Reached ** piety under Trog
  1731 | D:2      | Identified 3 scrolls of acquirement
  1731 | D:2      | Acquired a +1 vorpal executioner's axe
  1848 | D:2      | Reached XP level 4. HP: 40/41 MP: 3/3
  1952 | D:3      | HP: 2/41 [something/magic dart (5)]
  1954 | D:3      | Succumbed to an orc's poison

Illustrated notes

Levels and vault maps discovered:
D:1:      eino_arrival_water_cross, layout_loops_ring,
          ebering_ecumenical_altar_sacrificial
D:2:      layout_rooms, basic_altar, minmay_octomino_j4
D:3:      layout_rooms

Skill      XL: |  1  2 |
---------------+-------+-----
Fighting       | 4 |  4.4
Axes           | 4 |  4.9
Armour         | |  2.9
Dodging        | |  2.9

Action                   |  1- 3 |  4- 6 || total
-------------------------+-------+-------++-------
Melee: Hand axe          |    92 |       ||    92
       Headbutt          |     9 |       ||     9
       Executioner's axe |     2 |    11 ||    13
  Use: Scroll            |     4 |       ||     4
Armor: Animal skin       |    13 |       ||    13
       Ring mail         |    15 |       ||    15
       Plate armour      |     1 |    12 ||    13
Dodge: Dodged            |    65 |     6 ||    71
